 Dungeon Crawl Stone Soup version 0.21-a0-140-g479285b (webtiles) character file.

3696 nikopol the Thaumaturge (level 9, -4/46 HPs)
             Began as a Deep Elf Fire Elementalist on July 21, 2017.
             Was a Believer of Sif Muna.
             Killed by divine providence
             ... invoked by an orc priest
              (12 damage)
             ... on level 8 of the Dungeon on July 22, 2017.
             The game lasted 00:45:48 (10018 turns).

nikopol the Thaumaturge (DEFE)                     Turns: 10018, Time: 00:45:49

Health: -4/46      AC:  5    Str:  5    XL:     9   Next: 90%
Magic:  2/26       EV: 14    Int: 24    God:    Sif Muna [**....]
Gold:   473        SH:  0    Dex: 15    Spells: 20/31 levels left

rFire    + . .     SeeInvis .   v - +0 dagger (protect)
rCold    + . .     Gourm    .   (no shield)
rNeg     . . .     Faith    .   J - +1 robe {rC+ rF+}
rPois    .         Spirit   .   (no helmet)
rElec    .         Reflect  .   C - +1 cloak
rCorr    .         Harm     .   (no gloves)
MR       .....                  (no boots)
Stlth    +++.......             (no amulet)
HPRegen  0.15/turn              l - ring of wizardry
MPRegen  0.20/turn              (no ring)

@: no status effects
A: no striking features
a: Divine Energy, Renounce Religion


You were on level 8 of the Dungeon.
You worshipped Sif Muna.
Sif Muna was pleased with you.
You were not hungry.

You visited 2 branches of the dungeon, and saw 9 of its levels.

You collected 473 gold pieces.

Inventory:

Hand Weapons
 d - a +0 dagger
 v - a +0 dagger of protection (weapon)
 L - a +0 dagger of venom
Armour
 a - a +0 robe
 r - a +0 cloak
 C - a +1 cloak (worn)
 J - a +1 robe of resistance (worn)
Magical Staves
 K - an uncursed staff of cold
Jewellery
 l - a ring of wizardry (left hand)
 F - an uncursed ring of magical power {unknown}
Wands
 x - a wand of iceblast (5/15)
Scrolls
 e - a scroll of noise {unknown}
 f - 2 scrolls of magic mapping {unknown}
 g - a scroll of fear {unknown}
 h - 8 scrolls of identify
 i - 5 scrolls of teleportation {unknown}
 m - 3 scrolls of immolation {unknown}
 q - a scroll of enchant armour {unknown}
 t - a scroll of amnesia {unknown}
 y - 3 scrolls of enchant weapon {unknown}
 B - a scroll of remove curse {unknown}
 E - a scroll of recharging {unknown}
 I - a scroll of blinking {unknown}
Potions
 j - 2 potions of brilliance {unknown}
 k - a potion of flight {unknown}
 p - 4 potions of curing {unknown}
 s - 2 potions of invisibility {unknown}
 u - 3 potions of heal wounds {unknown}
 z - 2 potions of haste {unknown}
 A - a potion of ambrosia {unknown}
 D - a potion of degeneration {unknown}
 G - a potion of mutation {unknown}
 H - a potion of resistance
Books
 b - a book of Flames

   Spells                             Type                      Level
   a - Flame Tongue                   Conjuration/Fire             1
   b - Throw Flame                    Conjuration/Fire             2
   c - Conjure Flame                  Conjuration/Fire             3
   d - Inner Flame                    Hexes/Fire                   3
   e - Sticky Flame                   Conjuration/Fire             4
   f - Fireball                       Conjuration/Fire             5
Comestibles
 c - 6 bread rations
 n - 4 meat rations
 o - 5 royal jellies
 w - 8 fruits
 M - 7 chunks of flesh


   Skills:
 + Level 0.8 Fighting
 + Level 3.9 Dodging
 + Level 4.4 Stealth
 + Level 11.5 Spellcasting
 + Level 7.7 Conjurations
 + Level 9.1 Fire Magic
 + Level 0.2 Evocations


You had 20 spell levels left.
You knew the following spells:

 Your Spells              Type           Power        Failure   Level  Hunger
a - Flame Tongue          Conj/Fire      #####        1%          1    None
b - Throw Flame           Conj/Fire      ######       1%          2    None
c - Conjure Flame         Conj/Fire      ######..     1%          3    None
d - Fireball              Conj/Fire      ######....   1%          5    ####...


Dungeon Overview and Level Annotations

Branches:
Dungeon (8/15)             Temple (1/1) D:5
   Lair: D:8-11

Altars:
Ashenzari
Cheibriados
Dithmenos
Elyvilon
Fedhas
Hepliaklqana
Nemelex Xobeh
Okawaru
Qazlal
Ru
Sif Muna
Trog
Uskayaw
Vehumet
Wu Jian
Xom
The Shining One

Shops:
D:7 :

Annotations:
D:2 Sigmund
D:7 exclusion: oklob plant


Message History

* * * LOW HITPOINT WARNING * * *
Casting: Conjure Flame
Confirm with . or Enter, or press ? or * to list all spells.
Aiming: Flame Tongue
Press: ? - help, Shift-Dir - straight line, f - orc priest
Aim: an orc priest, wielding a dagger and wearing a ring mail The flame tongue hits the orc priest.
The orc priest is severely wounded.
Casting: Flame Tongue
Confirm with . or Enter, or press ? or * to list all spells.
Aiming: Flame Tongue
Press: ? - help, Shift-Dir - straight line, f/p - orc priest
Aim: an orc priest, wielding a dagger and wearing a ring mail (severely wounded)
The flame tongue hits the orc priest.
The orc priest is severely wounded.
The orc priest begins to cast a cantrip, but forgets the words!
The orc priest barely misses you.
The orc priest calls down the wrath of Beogh upon you.
Beogh smites you!
You die...

#### ....#
######.#
##....#.#
##.....#
...#####......#
.......@......#
...#####.o##o.#
##.## #....#.#
#...# #.##.#!#
#...# #.##†#.##
#...# #.......#
#...#
##...##o####...##
#.....#oo.....o..
#........|..<.o..


You could see 2 orc priests.

Vanquished Creatures
  A hungry ghost (D:7)
  A black bear (D:7)
  3 phantoms
  2 orc warriors (D:7)
  4 sky beasts (D:6)
  3 ice beasts
  A necrophage (D:7)
  4 ogres
  3 big kobolds (D:3)
  4 bullfrogs
  Blork the orc (D:6)
  A scorpion (D:6)
  2 howler monkeys (D:8)
  A crimson imp (D:5)
  A quasit (D:7)
  Crazy Yiuf (D:2)
  A bullfrog zombie (D:7)
  6 orc priests
  3 hounds
  A jelly (D:6)
  A bullfrog skeleton (D:5)
  Ijyb (D:4)
  Natasha (thrice) (D:2)
  2 iguanas
  10 orc wizards
  5 worker ants
  A howler monkey zombie (D:5)
  A worker ant zombie (D:6)
  2 gnolls (D:3)
  8 adders
  3 oozes
  An adder skeleton (D:5)
  3 worms
  2 dart slugs
  7 leopard geckos
  34 orcs
  9 bats
  8 giant cockroaches
  4 goblins
  13 hobgoblins
  2 quokkas
  3 ball pythons
  4 frilled lizards
  A jackal skeleton (D:3)
  51 kobolds
  A quokka skeleton (D:4)
  A quokka zombie (D:8)
  3 rats (D:1)
228 creatures vanquished.

Notes
Turn   | Place    | Note
-------+----------+-------------------------------------------
     0 | D:1      | nikopol the Deep Elf Fire Elementalist began the quest for the Orb.
     0 | D:1      | Reached XP level 1. HP: 10/10 MP: 6/6
    39 | D:1      | Reached XP level 2. HP: 15/15 MP: 1/8
    43 | D:1      | Learned a level 2 spell: Throw Flame
   670 | D:2      | Found a runed door.
   805 | D:2      | Noticed Natasha
   812 | D:2      | Killed Natasha
   812 | D:2      | Reached XP level 3. HP: 3/19 MP: 1/9
  1103 | D:2      | Found an iron altar of Okawaru.
  1350 | D:2      | Noticed Natasha
  1352 | D:2      | Killed Natasha
  1352 | D:2      | Reached XP level 4. HP: 21/24 MP: 7/11
  1357 | D:2      | Learned a level 3 spell: Conjure Flame
  1509 | D:2      | Noticed Sigmund
  1767 | D:2      | Reached skill level 4 in Spellcasting
  2037 | D:2      | Noticed Natasha
  2041 | D:2      | Killed Natasha
  2307 | D:2      | Noticed Crazy Yiuf
  2313 | D:2      | Killed Crazy Yiuf
  2313 | D:2      | Reached XP level 5. HP: 28/28 MP: 3/13
  2770 | D:3      | Learned a level 5 spell: Fireball
  2814 | D:3      | Reached skill level 5 in Spellcasting
  2814 | D:3      | Reached skill level 5 in Fire Magic
  2814 | D:3      | Reached XP level 6. HP: 25/32 MP: 6/15
  3868 | D:3      | Reached XP level 7. HP: 36/36 MP: 12/17
  4253 | D:3      | Reached skill level 6 in Spellcasting
  5251 | D:4      | Reached skill level 7 in Spellcasting
  5558 | D:4      | Noticed Ijyb
  5574 | D:4      | Killed Ijyb
  5574 | D:4      | Reached skill level 5 in Conjurations
  5677 | D:4      | Found a stormy altar of Qazlal.
  6157 | D:5      | Entered Level 5 of the Dungeon
  6162 | D:5      | Reached XP level 8. HP: 6/41 MP: 7/21
  6554 | D:5      | Reached skill level 8 in Spellcasting
  6600 | D:5      | Found a sparkling altar of Nemelex Xobeh.
  6601 | D:5      | Found an ornate altar of the Wu Jian Council.
  6679 | D:5      | Found a staircase to the Ecumenical Temple.
  6785 | Temple   | Entered the Ecumenical Temple
  6799 | Temple   | Became a worshipper of Sif Muna the Loreminder
  7572 | D:6      | Reached skill level 9 in Spellcasting
  8047 | D:6      | Noticed Blork the orc
  8051 | D:6      | Killed Blork the orc
  8051 | D:6      | Reached XP level 9. HP: 38/46 MP: 11/24
  8113 | D:6      | Found a snail-covered altar of Cheibriados.
  8208 | D:6      | Reached * piety under Sif Muna
  8316 | D:6      | Found a hazy altar of Hepliaklqana.
  8440 | D:6      | Reached skill level 10 in Spellcasting
  8630 | D:6      | Found a shimmering altar of Xom.
  8636 | D:6      | Found a bloodstained altar of Trog.
  8636 | D:6      | Found a shadowy altar of Dithmenos.
  8637 | D:6      | Found a glowing golden altar of the Shining One.
  8639 | D:6      | Found a radiant altar of Vehumet.
  8641 | D:6      | Found a hide-covered altar of Uskayaw.
  9147 | D:7      | Reached skill level 11 in Spellcasting
  9283 | D:7      | Found Ineb's Book Emporium.
  9393 | D:7      | Found a blossoming altar of Fedhas.
  9410 | D:7      | Noticed an oklob plant
  9637 | D:7      | Reached ** piety under Sif Muna
 10018 | D:8      | Killed from afar by an orc priest

Vault maps used:
D:1:      minmay_arrival_loop
D:2:      okawaru_metal_pillars_3, uniq_sigmund, uniq_crazy_yiuf_cottage,
          uniq_natasha
D:3:      minmay_goblin_kobold_castle
D:4:      old_standard_altar, first_bread, uniq_ijyb
D:5:      chequers_temple_overflow_statue_of_worship, minmay_temple_entry_glass
D:6:      minitemple, cheibrodos_worm_habitat, lemuel_round_altar,
          uniq_blork_the_orc
D:7:      serial_shops, kennysheep_mini, tgw_fedhas
D:8:      nicolae_overflow_crystal_walls, serial_co_window_serial,
          co_window_corner_a, co_window_corner_a, co_window_of_opportunity_a,
          co_window_paths_a, co_window_paths_a, co_window_corner_a,
          co_window_corner_a, co_window_corner_ca, co_window_broadway_c,
          co_window_broadway_b, co_window_broadway_b, glass_columns_c
Temple:   compressed_dpeg_triangle_lava_temple

Skill      XL: |  1  2  3  4  5  6  7  8  9 |
---------------+----------------------------+-----
Dodging        | 3 |  3.9
Fire Magic     | 4 5 6 7 9 |  9.1
Conjurations   | 2 3 4 5 6 7 |  7.7
Spellcasting   | 4 5 7 9 11 | 11.5
Stealth        | 3 4 |  4.4
Fighting       | |  0.8
Evocations     | |  0.2

Action                   |  1- 3 |  4- 6 |  7- 9 || total
-------------------------+-------+-------+-------++-------
Melee: Dagger            |     4 |       |    15 ||    19
 Cast: Flame Tongue      |    47 |   125 |   311 ||   483
       Throw Flame       |     3 |    16 |    49 ||    68
       Conjure Flame     |       |     4 |    15 ||    19
       Fireball          |       |     2 |    16 ||    18
Evoke: Wand              |       |       |     2 ||     2
  Use: Scroll            |       |       |     1 ||     1
  Eat: Chunk             |     1 |     9 |    21 ||    31
       Royal jelly       |       |       |     1 ||     1
Armor: Robe              |     6 |     5 |    16 ||    27
Dodge: Dodged            |     8 |    27 |    72 ||   107
